NWL (28 & UNDER)
SAN DIEGO SMASHERS @ BISMARK BORDER GUARDS
07/03/2023
 
TOP OF THE 1ST
San Diego Smashers batting - Pitching for Bismark Border Guards : RHP Ramón Fonseca
Pitching: RHP Ramón Fonseca
Batting: RHB Luis Peña 0-0: Ground out 5-3 (Groundball, 56)
Batting: RHB Cisco Gatán 0-0: Ground out 6-3 (Groundball, 6)
Batting: LHB António Glaviz 0-0: Ball
1-0: Ball
2-0: Ball
3-0: Base on Balls
Batting: LHB Jeffrey Bascombe 0-0: Hit by Pitch
António Glaviz to second
Batting: LHB Pedro Cruz 0-0: Called Strike
0-1: SINGLE (Line Drive, 7S)
António Glaviz to third
Jeffrey Bascombe to second
Runner from 3rd tries for Home, SAFE, no throw or cutoff
Batting: LHB Alfredo Fernández Balk!
Jeffrey Bascombe to third
Pedro Cruz to second
0-0: Called Strike
0-1: Swinging Strike
0-2: Foul Ball, location: 2F
0-2: Strikes out looking
Top of the 1st over - 1 run(s), 1 hit(s), 0 error(s), 2 left on base; San Diego 1 - Bismark 0
BOTTOM OF THE 1ST
Bismark Border Guards batting - Pitching for San Diego Smashers : RHP David West
Pitching: RHP David West
Batting: LHB Nelson Peña 0-0: Ball
1-0: Ball
2-0: Fly out, F9 (Flyball, 9S)
Batting: LHB Jim Jensen 0-0: Ball
1-0: Ball
2-0: Ball
3-0: Called Strike
3-1: Swinging Strike
3-2: Foul Ball, location: 2F
3-2: Foul Ball, location: 2F
3-2: Foul Ball, location: 2F
3-2: Fly out, F9 (Flyball, 89XD)
Batting: RHB Carlos MacKinney 0-0: Ball
1-0: Fly out, F8 (Flyball, 8LXD)
Bottom of the 1st over - 0 run(s), 0 hit(s), 0 error(s), 0 left on base; San Diego 1 - Bismark 0
TOP OF THE 2ND
San Diego Smashers batting - Pitching for Bismark Border Guards : RHP Ramón Fonseca
Batting: RHB Francisco Castillo 0-0: Called Strike
0-1: SINGLE (Line Drive, 6D)
Batting: RHB Armando Cruz 0-0: Called Strike
0-1: Called Strike
0-2: Ball
1-2: Ball
2-2: Strikes out swinging
Batting: RHB Justin Burgess 0-0: Ball
Pickoff Throw by Catcher to First - Out!
1-0: Ball
2-0: Ball
3-0: Called Strike
3-1: Called Strike
3-2: Foul Ball, location: 2F
3-2: Strikes out swinging
Top of the 2nd over - 0 run(s), 1 hit(s), 0 error(s), 0 left on base; San Diego 1 - Bismark 0
BOTTOM OF THE 2ND
Bismark Border Guards batting - Pitching for San Diego Smashers : RHP David West
Batting: LHB Rusty Herbert 0-0: SINGLE (Line Drive, 78M)
Batting: RHB Ramiro Ross 0-0: Called Strike
0-1: Called Strike
0-2: Ball
1-2: Ball
2-2: Ball
3-2: Foul Ball, location: 2F
3-2: 2-RUN HOME RUN (Line Drive, 7D), Distance : 383 ft
Batting: RHB Sean Anderson 0-0: Fly out, F8 (Flyball, 78M)
Batting: LHB Colin Ives 0-0: Ball
1-0: Swinging Strike
1-1: Ball
2-1: Ball
3-1: Base on Balls
Batting: LHB John Summers 0-0: Swinging Strike
0-1: Ball
1-1: Ball
2-1: SINGLE (Line Drive, 6MD)
Colin Ives to second
Batting: RHB Enrico Rodríguez 0-0: Foul Ball, location: 2F
0-1: Swinging Strike
0-2: Foul Ball, location: 2F
0-2: Foul Ball, location: 2F
0-2: Strikes out swinging
Batting: LHB Nelson Peña 0-0: Swinging Strike
0-1: Swinging Strike
0-2: Ball
1-2: Ball
2-2: Ball
3-2: Foul Ball, location: 2F
3-2: Foul Ball, location: 2F
3-2: Base on Balls
Colin Ives to third
John Summers to second
Batting: LHB Jim Jensen 0-0: Foul Ball, location: 2F
0-1: Ball
1-1: Fly out, F9 (Flyball, 89S)
Bottom of the 2nd over - 2 run(s), 3 hit(s), 0 error(s), 3 left on base; San Diego 1 - Bismark 2
TOP OF THE 3RD
San Diego Smashers batting - Pitching for Bismark Border Guards : RHP Ramón Fonseca
Batting: RHB Luis Peña 0-0: Called Strike
0-1: Ball
1-1: Called Strike
1-2: Foul Ball, location: 2F
1-2: Ground out 6-3 (Groundball, 6)
Batting: RHB Cisco Gatán 0-0: Ball
1-0: Ball
2-0: Called Strike
2-1: Fly out, F9 (Popup, 3D)
Batting: LHB António Glaviz 0-0: Called Strike
0-1: Ball
1-1: SINGLE (Groundball, 2L) (infield hit)
Batting: LHB Jeffrey Bascombe 0-0: Ball
1-0: Called Strike
1-1: Ball
2-1: Ball
3-1: Base on Balls
António Glaviz to second
Batting: LHB Pedro Cruz 0-0: Called Strike
0-1: Called Strike
0-2: Fly out, F8 (Line Drive, 8RS)
Top of the 3rd over - 0 run(s), 1 hit(s), 0 error(s), 2 left on base; San Diego 1 - Bismark 2
BOTTOM OF THE 3RD
Bismark Border Guards batting - Pitching for San Diego Smashers : RHP David West
Batting: RHB Carlos MacKinney 0-0: Ball
1-0: Called Strike
1-1: Called Strike
1-2: SINGLE (Line Drive, 56D)
Batting: LHB Rusty Herbert 0-0: Called Strike
0-1: Ball
1-1: Grounds into double play, 4-6-3 (Groundball, 4)
Batting: RHB Ramiro Ross 0-0: Called Strike
0-1: Called Strike
0-2: SOLO HOME RUN (Flyball, 7D), Distance : 388 ft
Batting: RHB Sean Anderson 0-0: Ball
1-0: Ball
2-0: Ball
3-0: Called Strike
3-1: Fly out, F8 (Flyball, 8RS)
Bottom of the 3rd over - 1 run(s), 2 hit(s), 0 error(s), 0 left on base; San Diego 1 - Bismark 3
TOP OF THE 4TH
San Diego Smashers batting - Pitching for Bismark Border Guards : RHP Ramón Fonseca
Batting: LHB Alfredo Fernández 0-0: Swinging Strike
0-1: Fly out, F7 (Line Drive, 78M)
Batting: RHB Francisco Castillo 0-0: Ball
1-0: DOUBLE (Flyball, 9D) - OUT at third base trying to stretch hit.
Batting: RHB Armando Cruz 0-0: Ball
1-0: Ground out 6-3 (Groundball, 6)
Top of the 4th over - 0 run(s), 1 hit(s), 0 error(s), 0 left on base; San Diego 1 - Bismark 3
BOTTOM OF THE 4TH
Bismark Border Guards batting - Pitching for San Diego Smashers : RHP David West
Batting: LHB Colin Ives 0-0: Called Strike
0-1: Swinging Strike
0-2: DOUBLE (Groundball, 3L)
Batting: LHB John Summers 0-0: Ball
1-0: Ball
2-0: Fly out, F3 (Popup, 2R)
Batting: RHB Enrico Rodríguez 0-0: SINGLE (Groundball, 6MD)
Colin Ives to third
Batting: LHB Nelson Peña 0-0: Swinging Strike
0-1: Foul Ball, location: 2F
0-2: Foul Ball, location: 2F
0-2: Fly out, F2 (Popup, 25F)
Batting: LHB Jim Jensen 0-0: Foul Ball, location: 2F
0-1: Ball
1-1: Called Strike
1-2: Ball
2-2: Fly out, F8 (Flyball, 8LM)
Bottom of the 4th over - 0 run(s), 2 hit(s), 0 error(s), 2 left on base; San Diego 1 - Bismark 3
TOP OF THE 5TH
San Diego Smashers batting - Pitching for Bismark Border Guards : RHP Ramón Fonseca
Batting: RHB Justin Burgess 0-0: Ball
1-0: Swinging Strike
1-1: SINGLE (Line Drive, 56)
Batting: RHB Luis Peña 0-0: Ball
1-0: Fly out, F6 (Popup, 56)
Batting: RHB Cisco Gatán 0-0: Grounds into double play, 4-6-3 (Groundball, 4)
Top of the 5th over - 0 run(s), 1 hit(s), 0 error(s), 0 left on base; San Diego 1 - Bismark 3
BOTTOM OF THE 5TH
Bismark Border Guards batting - Pitching for San Diego Smashers : RHP David West
Batting: RHB Carlos MacKinney 0-0: Fly out, F9 (Flyball, 9M)
Batting: LHB Rusty Herbert 0-0: Foul Ball, location: 2F
0-1: Foul Ball, location: 2F
0-2: Foul Ball, location: 2F
0-2: Ball
1-2: Foul Ball, location: 2F
1-2: Foul Ball, location: 2F
1-2: Strikes out swinging
Batting: RHB Ramiro Ross 0-0: Ball
1-0: Ball
2-0: Swinging Strike
2-1: Foul Ball, location: 2F
2-2: Ball
3-2: Base on Balls
Batting: RHB Sean Anderson 0-0: Fly out, F9 (Flyball, 9LM)
Bottom of the 5th over - 0 run(s), 0 hit(s), 0 error(s), 1 left on base; San Diego 1 - Bismark 3
TOP OF THE 6TH
San Diego Smashers batting - Pitching for Bismark Border Guards : RHP Ramón Fonseca
Batting: LHB António Glaviz 0-0: Called Strike
0-1: Ball
1-1: Ground out 4-3 (Groundball, 4)
Batting: LHB Jeffrey Bascombe 0-0: Called Strike
0-1: Called Strike
0-2: Strikes out looking
Batting: LHB Pedro Cruz 0-0: Ball
1-0: Ball
2-0: Foul Ball, location: 2F
2-1: Ground out 6-3 (Groundball, 6)
Top of the 6th over - 0 run(s), 0 hit(s), 0 error(s), 0 left on base; San Diego 1 - Bismark 3
BOTTOM OF THE 6TH
Bismark Border Guards batting - Pitching for San Diego Smashers : RHP David West
Batting: LHB Colin Ives 0-0: Called Strike
0-1: Swinging Strike
0-2: Foul Ball, location: 2F
0-2: Ball
1-2: Ball
2-2: Strikes out swinging
Pitching: LHP Javier Duarte
Batting: LHB John Summers 0-0: Ball
1-0: Ball
2-0: Ground out 1-3 (Groundball, 13)
Batting: RHB Enrico Rodríguez 0-0: Swinging Strike
0-1: Ball
1-1: Ball
2-1: Ball
3-1: Swinging Strike
3-2: Foul Ball, location: 2F
3-2: Foul Ball, location: 2F
3-2: Foul Ball, location: 2F
3-2: Base on Balls
Batting: LHB Nelson Peña 0-0: Ball
1-0: Ball
2-0: Called Strike
2-1: Foul Ball, location: 2F
2-2: Fly out, F3 (Popup, 34)
Bottom of the 6th over - 0 run(s), 0 hit(s), 0 error(s), 1 left on base; San Diego 1 - Bismark 3
TOP OF THE 7TH
San Diego Smashers batting - Pitching for Bismark Border Guards : RHP Ramón Fonseca
Batting: LHB Alfredo Fernández 0-0: Ball
1-0: Ball
2-0: SINGLE (Line Drive, 56D)
Batting: RHB Francisco Castillo 0-0: Ball
1-0: Bunted foul
1-1: Ball
2-1: Sac Bunt - play at first, batter OUT! 5-4
Alfredo Fernández to second
Batting: RHB Armando Cruz 0-0: Ball
1-0: Called Strike
1-1: Ball
2-1: Called Strike
2-2: Ball
3-2: Strikes out swinging
Batting: RHB Justin Burgess 0-0: Foul Ball, location: 2F
0-1: Ball
1-1: Ball
2-1: Foul Ball, location: 2F
2-2: Strikes out looking
Top of the 7th over - 0 run(s), 1 hit(s), 0 error(s), 1 left on base; San Diego 1 - Bismark 3
BOTTOM OF THE 7TH
Bismark Border Guards batting - Pitching for San Diego Smashers : LHP Javier Duarte
Batting: LHB Jim Jensen 0-0: Called Strike
0-1: Ball
1-1: Ball
2-1: Swinging Strike
2-2: Foul Ball, location: 2F
2-2: Strikes out swinging
Batting: RHB Carlos MacKinney 0-0: Swinging Strike
0-1: Foul Ball, location: 2F
0-2: Ball
1-2: SOLO HOME RUN (Flyball, 7D), Distance : 378 ft
Batting: LHB Rusty Herbert 0-0: Fly out, F5 (Popup, 15)
Batting: RHB Ramiro Ross 0-0: Foul Ball, location: 2F
0-1: Ball
1-1: Ball
2-1: Ball
3-1: Foul Ball, location: 2F
3-2: Base on Balls
Pitching: RHP Pepe Guillén
Batting: RHB Sean Anderson 0-0: Called Strike
0-1: Ball
1-1: Swinging Strike
1-2: Fielders Choice at 2nd, U4 (Groundball, 4M)
Bottom of the 7th over - 1 run(s), 1 hit(s), 0 error(s), 1 left on base; San Diego 1 - Bismark 4
TOP OF THE 8TH
San Diego Smashers batting - Pitching for Bismark Border Guards : RHP Ramón Fonseca
Batting: RHB Luis Peña 0-0: Reached on error, E6 (Groundball, 6)
Batting: RHB Cisco Gatán 0-0: Swinging Strike
0-1: Foul Ball, location: 2F
0-2: Foul Ball, location: 2F
0-2: Ball
1-2: Foul Ball, location: 2F
1-2: Foul Ball, location: 2F
1-2: Ball
2-2: SINGLE (Flyball, 9LS)
Luis Peña to third
Pitching: LHP Arturo Heredia
Batting: LHB António Glaviz 0-0: Called Strike
0-1: Swinging Strike
0-2: Strikes out looking
Batting: LHB Jeffrey Bascombe 0-0: SINGLE (Line Drive, 6MD)
Luis Peña scores
Cisco Gatán to second
Pinch Hitting: RHB Javier García 0-0: Ball
1-0: SINGLE (Line Drive, 8LS)
Cisco Gatán to third
Jeffrey Bascombe to second
Pinch Hitting: RHB Josh Richardson 0-0: Ball
1-0: Called Strike
1-1: Fly out, F4 (Line Drive, 4M)
Pitching: RHP Jaime Espinoza
Pinch Hitting: LHB Bob Cunningham 0-0: Ball
1-0: Ball
2-0: DOUBLE (Flyball, 89XD)
Cisco Gatán scores
Jeffrey Bascombe scores
Javier García to third
Pinch Hitting: LHB Noriaki Sangi 0-0: Ball
1-0: Ball
2-0: Ground out 6-3 (Groundball, 6)
Top of the 8th over - 3 run(s), 4 hit(s), 1 error(s), 2 left on base; San Diego 4 - Bismark 4
BOTTOM OF THE 8TH
Bismark Border Guards batting - Pitching for San Diego Smashers : RHP Pepe Guillén
Now at 1B: Noriaki Sangi
Now at 2B: Will Bryant
Now at 3B: Josh Richardson
Now in RF: Javier García
Batting: LHB Colin Ives 0-0: Ball
1-0: Ground out 4-3 (Groundball, 4)
Batting: LHB John Summers 0-0: Ball
1-0: Ball
2-0: Ground out 6-3 (Groundball, 6)
Pinch Hitting: LHB Melvin White 0-0: Fly out, F5 (Popup, 5F)
Bottom of the 8th over - 0 run(s), 0 hit(s), 0 error(s), 0 left on base; San Diego 4 - Bismark 4
TOP OF THE 9TH
San Diego Smashers batting - Pitching for Bismark Border Guards : RHP Jaime Espinoza
Pitching: RHP Dustin Newman
Now at 3B: Henry Paul
Pinch Hitting: LHB Mario Olivares 0-0: Ball
1-0: Swinging Strike
1-1: Ball
2-1: Foul Ball, location: 2F
2-2: Ground out 5-3 (Groundball, 5L)
Pinch Hitting: SHB Yoshitoki Kouda 0-0: Swinging Strike
0-1: Ball
1-1: Foul Ball, location: 2F
1-2: Strikes out swinging
Batting: RHB Cisco Gatán 0-0: Ball
1-0: Ball
2-0: Foul Ball, location: 2F
2-1: Foul Ball, location: 2F
2-2: Fly out, F7 (Line Drive, 7M)
Top of the 9th over - 0 run(s), 0 hit(s), 0 error(s), 0 left on base; San Diego 4 - Bismark 4
BOTTOM OF THE 9TH
Bismark Border Guards batting - Pitching for San Diego Smashers : RHP Pepe Guillén
Now at SS: José González
Now in CF: Mario Olivares
Batting: LHB Nelson Peña 0-0: Fly out, F6 (Popup, 6S)
Batting: LHB Jim Jensen 0-0: Foul Ball, location: 2F
0-1: Ball
1-1: Ball
2-1: Foul Ball, location: 2F
2-2: Ball
3-2: Foul Ball, location: 2F
3-2: Ground out 4-3 (Groundball, 4)
Batting: RHB Carlos MacKinney 0-0: SINGLE (Groundball, 4D)
Pinch Runner at 1st Juan Viera:
Batting: LHB Rusty Herbert 0-0: Called Strike
Juan Viera steals 2nd base
0-1: Foul Ball, location: 2F
0-2: Strikes out looking
Bottom of the 9th over - 0 run(s), 1 hit(s), 0 error(s), 1 left on base; San Diego 4 - Bismark 4
TOP OF THE 10TH
San Diego Smashers batting - Pitching for Bismark Border Guards : RHP Dustin Newman
Batting: LHB António Glaviz 0-0: Foul Ball, location: 2F
0-1: DOUBLE (Line Drive, 89XD)
Batting: LHB Jeffrey Bascombe 0-0: Intentional Walk
Batting: RHB Javier García 0-0: 3-RUN HOME RUN (Flyball, 7D), Distance : 381 ft
Batting: RHB Josh Richardson 0-0: Ball
1-0: Foul Ball, location: 2F
1-1: SINGLE (Line Drive, 4MD)
Batting: RHB Will Bryant 0-0: Sac Bunt - play at first, batter OUT! 3-4
Josh Richardson to second
Batting: LHB Noriaki Sangi 0-0: Fly out, F8 (Flyball, 8LM)
Batting: LHB Mario Olivares 0-0: Ball
1-0: Called Strike
1-1: Ball
2-1: Foul Ball, location: 2F
2-2: Strikes out swinging
Top of the 10th over - 3 run(s), 3 hit(s), 0 error(s), 1 left on base; San Diego 7 - Bismark 4
BOTTOM OF THE 10TH
Bismark Border Guards batting - Pitching for San Diego Smashers : RHP Pepe Guillén
Pitching: RHP Mark Ross
Batting: RHB Ramiro Ross 0-0: Ball
1-0: Ball
2-0: Ball
3-0: Called Strike
3-1: Base on Balls
Batting: RHB Sean Anderson 0-0: SINGLE (Groundball, 34D)
Ramiro Ross to second
Batting: LHB Colin Ives 0-0: Called Strike
0-1: Fly out, F7 (Popup, 56D)
Pinch Hitting: RHB Mike Wright 0-0: Ball
1-0: Called Strike
1-1: Fly out, F9 (Flyball, 89M)
Batting: RHB Henry Paul 0-0: Fly out, F8 (Flyball, 8RS)
Bottom of the 10th over - 0 run(s), 1 hit(s), 0 error(s), 2 left on base; San Diego 7 - Bismark 4
This league is powered by Out of the Park Baseball, the baseball management simulation game for PC, Mac and Linux
Wednesday, December 2nd, 2015 - OOTP Baseball 16.8 Build 38